Map: Cactus Valley LE (Void)

Players

Railgan

  • Race: Zerg Zerg
  • League: Grandmaster
  • Spawn Location: 5:00

llIIllIllIIl (Jason) - Winner!

  • Race: Terran Terran
  • League: Grandmaster
  • Spawn Location: 7:00

VOD

Have the link to the VOD?

Description

Time

  • Played on: Feb. 25, 2017, 6:59 p.m.
  • Length: 13:24
Show
View Real Time Build Order
Export as new Build Order

Railgan Zerg 

Build Orders: Pool First, Muta Ling Bane, Swarm Host 

Get SALT Encoding   

  12  0:02  Drone  
  13  0:12  Overlord  
  13  0:26  Drone  
  14  0:31  Drone x2  
  16  0:37  Drone  
  17  0:48  Drone  
  18  0:53  Spawning Pool  
  17  0:58  Drone  
  18  1:13  Hatchery  
  18  1:15  Extractor  
  16  1:18  Drone  
  16  1:20  Drone  
  18  1:31  Drone  
  19  1:40  Queen  
  19  1:44  Zergling x2  
  22  1:52  Overlord  
  22  2:18  Queen  
  22  2:19  Drone x2  
  22  2:20  Metabolic Boost  
  26  2:25  Queen  
  26  2:27  Drone x2  
  30  2:42  Drone x2  
  32  2:45  Drone  
  32  2:49  Drone  
  33  2:52  Drone x3  
  36  2:58  Overlord  
  36  3:00  Spine Crawler, Drone  
  36  3:05  Lair  
  36  3:11  Overlord  
  36  3:20  Drone  
  36  3:21  Drone  
  36  3:24  Drone  
  39  3:29  Drone x2  
  39  3:33  Zergling x4  
  39  3:34  Zergling x6  
  46  3:36  Drone  
  47  3:46  Drone x2  
  49  3:48  Extractor  
  49  3:50  Extractor  
  49  3:55  Drone  
  48  4:02  Drone  
  48  4:03  Drone x3  
  48  4:06  Overlord  
  48  4:09  Extractor, Spire, Drone x3  
  51  4:19  Zergling x4  
  50  4:27  Zergling x2  
  50  4:30  Zergling x2  
  52  4:32  Queen x2  
  52  4:33  Baneling Nest  
  52  4:36  Drone x2  
  52  4:38  Zergling x6  
  60  4:46  Overlord  
  60  4:47  Overlord  
  57  5:02  Overlord  
  57  5:06  Overlord  
  57  5:19  Drone  
  57  5:20  Drone x3  
  57  5:21  Drone  
  62  5:26  Baneling x2  
  62  5:28  Mutalisk x4  
  56  5:34  Hatchery  
  63  5:35  Drone  
  63  5:37  Drone  
  63  5:38  Mutalisk  
  66  5:43  Mutalisk  
  66  5:48  Drone x2  
  70  5:53  Overlord  
  70  6:01  Drone x3  
  72  6:05  Evolution Chamber  
  71  6:14  Drone  
  71  6:15  Drone  
  73  6:18  Drone  
  73  6:19  Infestation Pit, Drone  
  73  6:21  Zerg Flyer Weapons Level 1  
  73  6:23  Evolution Chamber  
  73  6:35  Drone x6  
  79  6:45  Drone x3  
  79  6:46  Overlord  
  80  7:01  Drone x5  
  81  7:04  Queen  
  81  7:09  Drone x4  
  81  7:12  Zerg Missile Weapons Level 1  
  81  7:13  Zerg Ground Armor Level 1  
  85  7:24  Overlord  
  85  7:25  Centrifical Hooks  
  85  7:28  Evolution Chamber  
  85  7:29  Swarm Host x5  
  93  7:31  Baneling x3  
  93  7:32  Baneling x2  
  99  7:41  Swarm Host x2  
  108  7:46  Extractor  
  108  7:47  Extractor  
  106  7:53  Overlord  
  105  7:59  Drone x3  
  105  8:00  Drone x3  
  105  8:02  Zergling x2  
  105  8:03  Baneling x3, Zergling x2  
  105  8:04  Baneling  
  113  8:13  Burrow  
  113  8:15  Zergling x2  
  113  8:16  Hatchery, Zergling x14  
  120  8:29  Zergling x2  
  120  8:41  Overlord  
  120  8:42  Overlord x5  
  120  8:46  Overlord  
  120  8:47  Zergling x4  
  120  8:48  Overlord, Zergling x2  
  120  8:57  Baneling x11  
  120  9:03  Swarm Host x7  
  135  9:11  Drone x2  
  134  9:17  Corruptor  
  134  9:20  Corruptor x2  
  134  9:23  Drone  
  137  9:31  Corruptor  
  137  9:36  Corruptor  
  137  9:37  Zergling x2  
  137  9:38  Zergling x14  
  149  9:42  Baneling x7  
  147  9:47  Overseer, Zergling x2  
  139  9:55  Zergling x2  
  139  9:59  Zergling x2  
  141  10:00  Overseer, Zergling x6  
  142  10:09  Swarm Host x3  
  152  10:27  Zergling x14  
  157  10:29  Overlord  
  157  10:30  Overseer  
  148  10:37  Zergling x4  
  142  10:44  Swarm Host  
  147  10:50  Drone  
  147  10:53  Corruptor  
  147  10:55  Zergling x2  
  147  10:56  Baneling x11  
  147  10:57  Baneling x5  
  139  11:13  Corruptor  
  121  11:22  Corruptor  
  121  11:24  Swarm Host  
  118  11:28  Baneling x3  
  118  11:31  Zergling x8  
  122  11:34  Drone x2  
  122  11:35  Drone  
  125  11:44  Baneling  
  125  11:45  Baneling  
  125  11:46  Zergling x10  
  125  11:47  Overseer  
  130  11:48  Pneumatized Carapace  
  130  11:49  Hatchery  
  129  11:56  Zergling x4  
  129  12:01  Baneling x8  
  124  12:09  Corruptor  
  121  12:20  Swarm Host x4  
  129  12:24  Zergling x6  
  129  12:26  Zergling x2  
  133  12:34  Swarm Host x3  
  142  12:41  Zergling x2  
  143  12:45  Baneling x5  
Show
View Real Time Build Order
Export as new Build Order

llIIllIllIIl Terran - Winner!

Build Orders: Hellion Opening, Reaper Expand, MMM Bio 

Get SALT Encoding   

  12  0:00  SCV  
  13  0:12  SCV  
  14  0:18  Supply Depot  
  14  0:26  SCV  
  15  0:31  Refinery  
  15  0:39  SCV  
  16  0:46  Barracks  
  16  0:52  SCV  
  17  1:04  SCV  
  18  1:16  SCV  
  19  1:32  Orbital Command  
  19  1:33  Reaper  
  20  1:46  Command Center  
  20  1:58  SCV  
  21  2:02  Factory  
  21  2:09  Barracks Reactor  
  21  2:11  SCV  
  21  2:14  Supply Depot  
  22  2:22  Refinery  
  22  2:23  SCV  
  23  2:36  SCV  
  24  2:50  SCV  
  25  2:52  Starport  
  25  2:56  Hellion x2  
  25  2:57  Marine  
  30  3:04  SCV  
  30  3:05  Orbital Command  
  31  3:16  Barracks Tech Lab  
  31  3:18  Hellion x2  
  35  3:20  SCV  
  36  3:33  SCV  
  37  3:36  Medivac  
  37  3:38  Marine  
  37  3:39  Stimpack  
  40  3:45  SCV  
  40  3:46  SCV  
  40  3:47  Hellion  
  44  3:49  Hellion  
  46  3:58  Supply Depot  
  46  4:00  Supply Depot  
  41  4:05  SCV  
  41  4:09  Hellion  
  44  4:10  Hellion  
  46  4:19  SCV x2  
  46  4:22  Supply Depot  
  46  4:23  Supply Depot  
  47  4:27  Viking  
  49  4:31  SCV x2  
  49  4:37  Marine  
  56  4:38  Hellion x2  
  56  4:44  SCV x2  
  58  4:59  Command Center  
  58  5:01  SCV x2  
  58  5:02  Marine  
  58  5:06  Starport Reactor  
  61  5:13  SCV  
  62  5:14  Armory  
  62  5:15  Factory Reactor, SCV  
  62  5:21  Refinery  
  63  5:25  Barracks, SCV  
  64  5:29  Barracks, Engineering Bay  
  64  5:33  SCV  
  64  5:35  Refinery  
  63  5:36  Marine  
  63  5:37  SCV  
  65  5:43  Combat Shields  
  65  5:50  SCV  
  65  5:52  Engineering Bay  
  65  5:56  Starport Reactor  
  66  6:00  SCV  
  66  6:01  Missile Turret  
  66  6:03  Missile Turret, SCV  
  66  6:04  Missile Turret, Factory Reactor  
  66  6:12  SCV  
  66  6:13  Missile Turret  
  66  6:16  Marine, SCV  
  66  6:17  Marine  
  64  6:20  Marine  
  64  6:23  SCV  
  64  6:24  Terran Infantry Armor Level 1, Terran Infantry Weapons Level 1, SCV  
  67  6:26  Marine  
  67  6:29  Marine  
  63  6:34  Marine x2  
  63  6:37  Marine, Widow Mine x2  
  69  6:43  Marine  
  69  6:45  SCV  
  70  6:47  Marine  
  68  7:00  Marine  
  68  7:01  Marine x2  
  66  7:09  Marine x2, Hellion x3, SCV x2  
  66  7:10  Medivac x2  
  66  7:12  SCV  
  66  7:14  Barracks x2  
  75  7:18  Marine  
  75  7:19  Marine x2  
  75  7:22  Widow Mine x2  
  82  7:27  Marine, SCV  
  82  7:28  Marine  
  85  7:35  SCV  
  85  7:36  Marine x2  
  85  7:37  Marine  
  87  7:43  Supply Depot  
  89  7:44  Marine, Supply Depot  
  89  7:45  Medivac  
  89  7:46  Marine  
  93  7:51  Supply Depot  
  93  7:57  Marine, SCV  
  93  7:58  Medivac  
  93  8:04  Marine x3, Widow Mine x2, SCV  
  101  8:07  Barracks Reactor  
  101  8:10  Barracks Reactor, SCV  
  102  8:12  Orbital Command  
  102  8:16  Marine  
  102  8:17  Marine, SCV  
  105  8:22  Marine  
  105  8:24  SCV  
  105  8:25  Terran Infantry Weapons Level 2  
  107  8:27  Marine  
  107  8:29  SCV  
  107  8:33  Marine  
  110  8:34  Marine x2  
  110  8:38  SCV x2  
  110  8:40  Marine  
  115  8:45  Marine  
  115  8:46  Sensor Tower  
  116  8:50  Supply Depot  
  116  8:51  Marine, Supply Depot  
  107  9:08  SCV x3  
  107  9:09  Marine  
  108  9:12  Marine x7  
  116  9:23  Marine  
  117  9:25  Widow Mine  
  117  9:27  Marine  
  117  9:29  Marine x5  
  125  9:35  Supply Depot, Command Center  
  125  9:37  Supply Depot x2  
  125  9:40  Sensor Tower  
  125  9:56  Marine x8  
  125  9:58  Marine, Widow Mine x2  
  125  9:59  Supply Depot  
  138  10:00  Factory, Supply Depot  
  138  10:02  Terran Infantry Armor Level 2  
  134  10:14  Marine x5  
  134  10:17  Liberator x2  
  137  10:26  Marine x2, Widow Mine  
  141  10:30  Marine x2  
  141  10:32  Marine  
  150  10:40  SCV x3  
  150  10:41  Marine x4  
  155  10:45  Marine x2  
  155  10:47  Marine  
  155  10:48  Marine  
  142  10:50  Marine  
  142  10:56  Widow Mine  
  145  10:58  Marine  
  145  10:59  Marine x3  
  141  11:17  Medivac x2  
  123  11:20  Marine x3  
  123  11:23  Marine x5, Widow Mine  
  123  11:24  Marine  
  125  11:29  Planetary Fortress  
  125  11:38  Marine x3, Factory Tech Lab  
  128  11:40  Marine  
  128  11:41  Marine x4  
  128  11:42  Marine  
  128  11:43  Widow Mine  
  136  11:50  Medivac  
  136  11:51  Medivac  
  140  11:55  Marine x2  
  140  11:56  Marine  
  140  11:58  Marine  
  140  11:59  Marine x4  
  140  12:00  Marine  
  149  12:02  Unknown  
  143  12:13  Marine x2  
  143  12:14  Marine  
  144  12:19  Marine  
  144  12:21  Marine  
  144  12:22  Marine x4  
  136  12:23  Widow Mine x2  
  139  12:31  Marine x3, Barracks  
  139  12:32  Barracks  
  139  12:33  Widow Mine  
  139  12:36  Barracks  
  144  12:37  Marine  
  144  12:38  Marine  
  144  12:39  Marine  
  144  12:40  Marine x3  
  150  12:49  Marine x3  
  153  12:55  Marine  
  153  12:56  Marine  
  153  12:57  Marine  
  153  12:58  Marine  
  153  13:00  Marine x2  
Tags
 
Add a new tag
Caveats
  • Supply blocks, unpowered buildings, or Contaminate may cause inaccurate times.
  • Supply counts are checked every 10 seconds.